 Dungeon Crawl Stone Soup version 0.17-a0-1515-gfae3d72 (webtiles) character file.

111 namelastname112 the Cutter (level 4, -2/37 HPs)
             Began as a Draconian Skald on July 12, 2015.
             Killed from afar by an orc wizard (9 damage)
             ... with a puff of flame
             ... on level 3 of the Dungeon.
             The game lasted 00:03:07 (1875 turns).

namelastname112 the Cutter (Draconian Skald)        Turns: 1875, Time: 00:03:07

Health: -2/37      AC:  5    Str: 14    XL:     4   Next: 62%
Magic:  7/7        EV: 16    Int: 13    God:
Gold:   102        SH:  0    Dex: 11    Spells: 1 memorised, 6 levels left

rFire  . . .     SeeInvis .     a - +0 short sword
rCold  . . .     Clarity  .     (armour unavailable)
rNeg   . . .     SustAt   .     (no shield)
rPois  .         Gourm    .     (helmet restricted)
rElec  .         Spirit   .     (no cloak)
rCorr  .         Warding  .     (no gloves)
rMut   .         Stasis   .     (no boots)
MR     .....                    (no amulet)
Stlth  ++........               (no ring)
                                e - +4 ring of evasion

@: not resistant to hostile enchantments, unstealthy
A: unfitting armour, cold-blooded, AC +5
a: no special abilities


You were on level 3 of the Dungeon.
You were not hungry.

You visited 1 branch of the dungeon, and saw 3 of its levels.

You collected 102 gold pieces.

Inventory:

Hand weapons
 a - a +0 short sword (weapon)
Missiles
 h - 14 poisoned needles
Jewellery
 e - a +4 ring of evasion (left hand)
Scrolls
 d - a scroll of amnesia {unknown}
 f - a scroll of teleportation {unknown}
 g - 2 scrolls of enchant weapon {unknown}
 i - a scroll of remove curse {unknown}
 j - a scroll of immolation {unknown}
 k - a scroll of magic mapping {unknown}
 l - a scroll of fog {unknown}
 n - 2 scrolls of identify {unknown}
Potions
 m - 2 potions of might {unknown}
 o - a potion of resistance {unknown}
Books
 b - a book of Battle

   Spells                             Type                      Level
   a - Infusion                       Charms                       1
   b - Shroud of Golubria             Charms/Translocation         2
   c - Song of Slaying                Charms                       2
   d - Spectral Weapon                Hexes/Charms                 3
   e - Regeneration                   Charms/Necromancy            3
Comestibles
 c - 3 bread rations
 p - a chunk of flesh


   Skills:
 + Level 2.9 Fighting
 * Level 3.3 Short Blades
 + Level 2.2 Dodging
 * Level 2.1 Stealth
 - Level 2.0 Spellcasting
 - Level 2.6 Charms


You had 6 spell levels left.
You knew the following spells:

 Your Spells              Type           Power        Failure   Level  Hunger
a - Infusion              Chrm           #.....       10%         1    ##.....


Dungeon Overview and Level Annotations

Branches:
Dungeon (3/15)

Altars:


Innate Abilities, Weirdness & Mutations

Your plain brown scales are hard (AC +5).
Your body does not fit into most forms of armour.
You are cold-blooded and may be slowed by cold attacks.


Message History

You hear some strange, mumbled words.
A puff of flame appears from out of thin air!
The puff of flame hits you!
You miss something.
You hear some strange, mumbled words.
You hit something but do no damage. Something hits you but does no damage.
Something hits you but does no damage.
You miss something. Something hits you but does no damage.
You barely miss something. Something hits you.
You miss something. Something hits you.
You barely miss something.
You hear some strange, mumbled words.
A puff of frost appears from out of thin air!
The puff of frost hits you!
* * * LOW HITPOINT WARNING * * *
You barely miss something. Something completely misses you.
You hear some strange, mumbled words.
A puff of flame appears from out of thin air!
The puff of flame hits you!
You die...

.#####
....... #.
.#####. #o
### ...# #.
#.. .#....
##. #.#
....## ..
#.# ....# #.
##<## .....
#.####...#.#
....#
#o{@.......#
######†).###
##.## #.#
#.# #.# #.#
..#


You could see an orc.

Vanquished Creatures
  An orc priest (D:3)
  4 adders
  A giant gecko (D:1)
  An orc (D:3)
  A ball python (D:3)
  3 giant cockroaches
  7 goblins
  3 hobgoblins
  3 jackals (D:2)
  2 kobolds
  12 bats
  4 giant newts
  5 rats
47 creatures vanquished.

Notes
Turn   | Place    | Note
--------------------------------------------------------------
     0 | D:1      | namelastname112 the Draconian Skald began the quest for the Orb.
     0 | D:1      | Reached XP level 1. HP: 17/17 MP: 3/3
   184 | D:1      | Reached XP level 2. HP: 25/25 MP: 5/5
   449 | D:1      | Reached skill level 1 in Stealth
  1118 | D:2      | Reached XP level 3. HP: 27/30 MP: 6/6
  1597 | D:2      | Reached skill level 3 in Short Blades
  1597 | D:2      | Reached XP level 4. HP: 30/37 MP: 7/7
  1875 | D:3      | Killed from afar by an orc wizard

Vault maps used:
D:1:      roderic_crop_circles_arrival_small
D:3:      first_bread, uniq_iyjb

Action                   |  1- 3 |  4- 6 || total
-------------------------+-------+-------++-------
Melee: Short sword       |   143 |    39 ||   182
 Stab: Sleeping          |     2 |       ||     2
  Eat: Chunk             |     2 |     1 ||     3
